 Dungeon Crawl Stone Soup version 0.23.1 (webtiles) character file.

Game seed: 18231217519055703387

95 KrasnyyBoyets the Caller (level 4, -6/24 HPs)
             Began as a Tengu Summoner on Mar 18, 2019.
             Was an Initiate of Makhleb.
             Mangled by an iguana (12 damage)
             ... on level 4 of the Dungeon.
             The game lasted 00:45:24 (5307 turns).

KrasnyyBoyets the Caller (Tengu Summoner)           Turns: 5307, Time: 00:45:24

Health: -6/24      AC:  5    Str:  8    XL:     4   Next: 65%
Magic:  0/8        EV: 10    Int: 16    God:    Makhleb [......]
Gold:   96         SH:  0    Dex: 15    Spells: 1/7 levels left

rFire    . . .     SeeInvis .   (no weapon)
rCold    . . .     Gourm    .   (no shield)
rNeg     . . .     Faith    .   l - +0 ring mail
rPois    .         Spirit   .   (helmet restricted)
rElec    .         Reflect  .   (no cloak)
rCorr    .         Harm     .   (no gloves)
MR       .....                  (boots unavailable)
Stlth    +.........             (no amulet)
HPRegen  0.08/turn              (no ring)
MPRegen  0.11/turn              (no ring)

@: very slightly contaminated
A: beak, talons 3
a: Renounce Religion


You were on level 4 of the Dungeon.
You worshipped Makhleb.
Makhleb was noncommittal.
You were not hungry.

You visited 1 branch of the dungeon, and saw 4 of its levels.

You collected 96 gold pieces.

Inventory:

Missiles
 p - 109 stones (quivered)
Armour
 a - a +0 robe
 l - a +0 ring mail (worn)
 o - a +0 chain mail
Wands
 s - a wand of flame (14)
Scrolls
 d - 3 scrolls of identify
 g - 2 scrolls of teleportation
 k - 2 scrolls of enchant weapon {unknown}
 n - a scroll of fear {unknown}
 r - a scroll of magic mapping {unknown}
Potions
 b - a potion of lignification {unknown}
 e - a potion of might {unknown}
 f - a potion of curing {unknown}
 h - 3 potions of heal wounds
 i - a potion of ambrosia {unknown}
 j - a potion of invisibility {unknown}
 m - a potion of brilliance {unknown}
 t - a potion of haste {unknown}
 u - a potion of berserk rage {unknown}
Comestibles
 c - 3 rations


   Skills:
 - Level 2.1 Dodging
 - Level 2.0 Stealth
 - Level 2.0 Spellcasting
 + Level 6.9 Summonings
 + Level 1.0 Evocations


You had one spell level left.
You knew the following spells:

 Your Spells              Type           Power        Failure   Level  Hunger
a - Summon Small Mammal   Summ           ###.         3%          1    #......
b - Call Imp              Summ           ###.....     5%          2    ###....
c - Call Canine Familiar  Summ           ###.....     11%         3    ###....

Your spell library contained the following spells:

 Spells                   Type           Power        Failure   Level  Hunger
 Summon Guardian Golem    Hex/Summ       ##......     43%         3    ###....
 Summon Ice Beast         Ice/Summ       ##......     83%         4    #####..
 Summon Lightning Spire   Summ/Air       ##......     83%         4    #####..


Dungeon Overview and Level Annotations

Branches:
Dungeon (4/15)
 Temple: D:4-7

Altars:
Makhleb
Sif Muna


Innate Abilities, Weirdness & Mutations

You have a beak for a mouth.
You have claws for feet.


Message History

Your rat barely misses the iguana.
Casting: Summon Small Mammal (safe; 3% risk of failure)
Confirm with . or Enter, or press ? or * to list all spells.
You miscast Summon Small Mammal.
You are very lightly contaminated with residual magic.
Strange energies run through your body. The iguana bites you!
Your rat bites the iguana but does no damage.
The iguana bites your rat.
Your rat dies!
Your rat's corpse disappears in a puff of smoke!
Casting: Summon Small Mammal (safe; 3% risk of failure)
Confirm with . or Enter, or press ? or * to list all spells.
You don't have enough magic to cast that spell.
Casting: Summon Small Mammal (safe; 3% risk of failure)
Confirm with . or Enter, or press ? or * to list all spells.
The iguana bites you!
Your rat bites the iguana but does no damage.
You swap places.
The iguana bites you!
Ouch! That really hurt!
You die...

## ... ..
##..### #.##
.......
#...###
....... #.@r#
......) ####l#
.......
#..#.##.......
#...<ยง.......
##.....####..
##..#.#
##.#..#
#.....#
###.....


You could see an iguana and a friendly rat.

Vanquished Creatures (collateral kills)
  A hound (D:3)
  Jessica (D:3)
  A hound skeleton (D:3)
  3 adders
  An ooze (D:2)
  A worm (D:2)
  A dart slug (D:1)
  A leopard gecko (D:2)
  An orc (D:3)
  3 giant cockroaches
  8 goblins
  9 hobgoblins
  3 jackals (D:1)
  2 quokkas
  A ball python (D:1)
  5 bats
  6 frilled lizards
  9 kobolds
  7 rats
64 creatures vanquished.

Notes
Turn   | Place    | Note
-------+----------+-------------------------------------------
     0 | D:1      | KrasnyyBoyets the Tengu Summoner began the quest for the
                  | Orb.
     0 | D:1      | Reached XP level 1. HP: 10/10 MP: 4/4
    96 | D:1      | Reached skill level 5 in Summonings
   481 | D:1      | Reached XP level 2. HP: 15/15 MP: 4/6
   509 | D:1      | Learned a level 2 spell: Call Imp
  2699 | D:2      | Reached skill level 6 in Summonings
  2699 | D:2      | Reached XP level 3. HP: 12/19 MP: 3/7
  2905 | D:2      | You fall through a shaft!
  2920 | D:3      | Learned a level 3 spell: Call Canine Familiar
  3071 | D:2      | Found a faded altar of an unknown god.
  3933 | D:2      | Reached XP level 4. HP: 24/24 MP: 6/8
  4708 | D:3      | Found a deep blue altar of Sif Muna.
  4708 | D:3      | Found a burning altar of Makhleb.
  4720 | D:3      | Became a worshipper of Makhleb the Destroyer
  4843 | D:3      | Noticed Jessica
  4856 | D:3      | Killed Jessica
  4863 | D:3      | Reached skill level 1 in Evocations
  5307 | D:4      | Mangled by an iguana

Skill      XL: |  1  2  3  4 |
---------------+-------------+-----
Summonings     | 5 6 |  6.9
Evocations     | 1 |  1.0
Dodging        | |  2.1
Stealth        | |  2.0
Spellcasting   | |  2.0

Action                   |  1- 3 |  4- 6 || total
-------------------------+-------+-------++-------
Melee: Unarmed           |     2 |       ||     2
 Cast: Summon Small Mamm |    27 |    17 ||    44
       Call Imp          |    22 |     3 ||    25
       Call Canine Famil |     4 |     4 ||     8
  Use: Scroll            |     3 |       ||     3
  Eat: Ration            |     3 |     1 ||     4
       Chunk             |     2 |     2 ||     4
Armor: Robe              |    23 |       ||    23
       Ring mail         |    22 |    14 ||    36
Dodge: Dodged            |    80 |    18 ||    98
